[ AOE2 MATCH · #507137291 ]
UnrankedTupi vs Hindustanis
Player's team · LOSS
[ REPLAY ANALYSIS · EXTRACTED FROM THE RECORDED GAME ]
Feudal
12:04
Castle
25:55
Imperial
—
| APM avg | 58.0 |
| APM peak | 91 |
| eAPM avg | 23.1 |
| Villagers / military | 87 / 44 |
Focus
⚔️ 39.9% · 🌾 60.1%
Unknown (2550) ×57 · Archer ×26 · Unknown (2582) ×20 · Skirmisher ×11 · Scorpion ×3 · Battering Ram ×3
Feudal
9:16
Castle
22:47
Imperial
—
| APM avg | 62.1 |
| APM peak | 98 |
| eAPM avg | 25.9 |
| Villagers / military | 129 / 107 |
Focus
⚔️ 48.1% · 🌾 51.9%
Cavalry Archer ×58 · Archer ×45 · Skirmisher ×3 · Spearman ×1
Match map
Initial resources + every placement click. Lines = walls · curves = elevation contours. ◆ gold · ⬟ stone · ● berries · ✦ relic · ◌ wall gap
Your base· ✓ Closed at 25:55 · 44t walls · no gate
atom's base· ✓ Closed at 22:47 · 44t walls · 1 gate(s)
Smoothed initial terrain · ◌ = detected wall gap · hover for details
Inputs per minute
— fray - - atom
Build order — fray
First 150 of 321 actions detected
| 0:01 | Queue | Villager (Male) |
| 0:01 | Queue | Villager (Male) |
| 0:01 | Queue | Villager (Male) |
| 0:02 | Build | House |
| 0:05 | Build | House |
| 0:15 | Queue | Villager (Male) |
| 0:15 | Queue | Villager (Male) |
| 0:15 | Queue | Villager (Male) |
| 1:13 | Queue | Villager (Male) |
| 1:13 | Queue | Villager (Male) |
| 1:13 | Queue | Villager (Male) |
| 1:29 | Queue | Villager (Male) |
| 1:29 | Queue | Villager (Male) |
| 1:29 | Queue | Villager (Male) |
| 1:51 | Build | Settlement |
| 2:04 | Queue | Villager (Male) |
| 2:05 | Queue | Villager (Male) |
| 2:05 | Queue | Villager (Male) |
| 2:38 | Queue | Villager (Male) |
| 2:38 | Queue | Villager (Male) |
| 3:01 | Queue | Villager (Male) |
| 3:02 | Queue | Villager (Male) |
| 3:02 | Queue | Villager (Male) |
| 3:34 | Queue | Villager (Male) |
| 3:34 | Queue | Villager (Male) |
| 3:35 | Queue | Villager (Male) |
| 4:06 | Queue | Villager (Male) |
| 4:06 | Queue | Villager (Male) |
| 4:07 | Queue | Villager (Male) |
| 4:19 | Queue | Villager (Male) |
| 4:19 | Queue | Villager (Male) |
| 4:19 | Queue | Villager (Male) |
| 4:44 | Build | Barracks |
| 4:54 | Queue | Villager (Male) |
| 4:55 | Queue | Villager (Male) |
| 4:55 | Queue | Villager (Male) |
| 5:10 | Queue | Villager (Male) |
| 5:31 | Build | House |
| 5:37 | Queue | Villager (Male) |
| 6:18 | Queue | Villager (Male) |
| 6:23 | Build | House |
| 6:24 | Queue | Unit 2550 |
| 6:42 | Queue | Villager (Male) |
| 6:48 | Queue | Unit 2550 |
| 6:52 | Queue | Unit 2550 |
| 6:58 | Build | Palisade Wall |
| 7:22 | Research | Loom |
| 7:25 | Queue | Villager (Male) |
| 7:44 | Build | Settlement |
| 7:48 | Queue | Villager (Male) |
| 7:58 | Queue | Villager (Male) |
| 8:28 | Build | House |
| 8:46 | Research | Loom |
| 8:46 | Research | Loom |
| 9:14 | Build | Palisade Wall |
| 9:52 | Queue | Villager (Male) |
| 9:54 | Research | Feudal Age |
| 9:55 | Research | Feudal Age |
| 10:13 | Build | Palisade Wall |
| 10:40 | Build | Palisade Wall |
| 10:41 | Build | Palisade Wall |
| 10:45 | Build | Palisade Wall |
| 10:56 | Queue | Villager (Male) |
| 12:04 | Age | Feudal Age |
| 12:06 | Build | Archery Range |
| 12:07 | Build | Archery Range |
| 12:11 | Queue | Villager (Male) |
| 12:14 | Build | Blacksmith |
| 12:47 | Queue | Villager (Male) |
| 12:57 | Queue | Villager (Male) |
| 13:01 | Queue | Archer |
| 13:01 | Queue | Archer |
| 13:06 | Research | Double-Bit Axe |
| 13:15 | Research | Fletching |
| 13:15 | Research | Fletching |
| 13:18 | Queue | Villager (Male) |
| 13:21 | Build | House |
| 13:33 | Research | Horse Collar |
| 13:36 | Queue | Archer |
| 13:36 | Queue | Archer |
| 13:37 | Queue | Archer |
| 13:56 | Build | House |
| 13:57 | Build | House |
| 13:58 | Queue | Villager (Male) |
| 14:01 | Build | Farm |
| 14:03 | Build | Farm |
| 14:14 | Research | Padded Archer Armor |
| 14:15 | Research | Padded Archer Armor |
| 14:16 | Queue | Skirmisher |
| 14:22 | Queue | Skirmisher |
| 14:22 | Queue | Skirmisher |
| 14:23 | Queue | Villager (Male) |
| 14:47 | Queue | Skirmisher |
| 14:48 | Queue | Skirmisher |
| 14:48 | Queue | Villager (Male) |
| 15:04 | Queue | Archer |
| 15:05 | Queue | Archer |
| 15:17 | Build | Watch Tower |
| 15:38 | Queue | Villager (Male) |
| 15:54 | Queue | Villager (Male) |
| 16:50 | Queue | Villager (Male) |
| 16:54 | Queue | Villager (Male) |
| 17:15 | Build | Farm |
| 17:16 | Build | Farm |
| 17:17 | Build | Farm |
| 17:26 | Queue | Villager (Male) |
| 17:29 | Build | Farm |
| 17:30 | Build | Farm |
| 17:31 | Build | Farm |
| 17:32 | Build | Farm |
| 17:46 | Build | House |
| 17:48 | Queue | Archer |
| 17:50 | Queue | Villager (Male) |
| 18:36 | Queue | Skirmisher |
| 18:36 | Queue | Skirmisher |
| 18:36 | Queue | Villager (Male) |
| 18:38 | Build | Farm |
| 18:43 | Build | Farm |
| 18:47 | Build | Farm |
| 18:54 | Queue | Skirmisher |
| 18:54 | Queue | Skirmisher |
| 19:17 | Queue | Skirmisher |
| 19:17 | Queue | Skirmisher |
| 19:17 | Queue | Villager (Male) |
| 19:19 | Queue | Villager (Male) |
| 19:29 | Build | House |
| 19:34 | Queue | Villager (Male) |
| 19:37 | Build | Farm |
| 19:44 | Queue | Archer |
| 19:44 | Queue | Archer |
| 19:49 | Build | Farm |
| 20:02 | Build | Farm |
| 20:09 | Queue | Archer |
| 20:09 | Queue | Archer |
| 20:21 | Build | Farm |
| 20:40 | Research | Wheelbarrow |
| 20:49 | Build | Farm |
| 20:56 | Build | Farm |
| 21:02 | Queue | Archer |
| 21:02 | Queue | Archer |
| 21:13 | Queue | Villager (Male) |
| 21:23 | Build | Farm |
| 21:41 | Queue | Archer |
| 21:41 | Queue | Archer |
| 22:11 | Build | Market |
| 22:12 | Queue | Villager (Male) |
| 22:21 | Queue | Archer |
| 22:22 | Queue | Archer |
| 22:22 | Queue | Archer |
| 22:39 | Build | Farm |
Build order — atom
First 150 of 370 actions detected
| 0:01 | Queue | Villager (Male) |
| 0:01 | Queue | Villager (Male) |
| 0:02 | Queue | Villager (Male) |
| 0:02 | Queue | Villager (Male) |
| 0:02 | Queue | Villager (Male) |
| 0:03 | Build | House |
| 0:04 | Build | House |
| 1:03 | Queue | Villager (Male) |
| 1:29 | Queue | Villager (Male) |
| 1:29 | Queue | Villager (Male) |
| 2:20 | Queue | Villager (Male) |
| 2:30 | Queue | Villager (Male) |
| 2:30 | Queue | Villager (Male) |
| 2:49 | Build | Lumber Camp |
| 3:12 | Queue | Villager (Male) |
| 3:12 | Queue | Villager (Male) |
| 3:12 | Queue | Villager (Male) |
| 3:35 | Build | House |
| 3:38 | Build | House |
| 3:46 | Queue | Villager (Male) |
| 4:11 | Queue | Villager (Male) |
| 4:12 | Queue | Villager (Male) |
| 4:28 | Queue | Villager (Male) |
| 4:29 | Queue | Villager (Male) |
| 5:18 | Build | Mining Camp |
| 5:25 | Queue | Villager (Male) |
| 5:45 | Queue | Villager (Male) |
| 6:05 | Research | Loom |
| 6:05 | Research | Loom |
| 6:57 | Research | Feudal Age |
| 8:09 | Build | Barracks |
| 8:58 | Queue | Villager (Male) |
| 9:00 | Build | House |
| 9:16 | Age | Feudal Age |
| 9:25 | Queue | Villager (Male) |
| 9:31 | Build | Archery Range |
| 9:44 | Queue | Spearman |
| 9:46 | Queue | Villager (Male) |
| 9:54 | Build | House |
| 10:08 | Queue | Villager (Male) |
| 10:14 | Queue | Archer |
| 10:14 | Queue | Archer |
| 10:21 | Queue | Villager (Male) |
| 10:28 | Build | Blacksmith |
| 10:36 | Build | Mill |
| 11:05 | Build | Palisade Wall |
| 11:05 | Build | Palisade Wall |
| 11:18 | Queue | Villager (Male) |
| 11:22 | Queue | Archer |
| 11:26 | Queue | Villager (Male) |
| 11:39 | Queue | Archer |
| 11:48 | Build | House |
| 11:58 | Research | Fletching |
| 12:09 | Build | Farm |
| 12:42 | Queue | Archer |
| 12:43 | Queue | Archer |
| 12:44 | Queue | Villager (Male) |
| 13:17 | Queue | Villager (Male) |
| 13:19 | Build | House |
| 13:21 | Build | Farm |
| 13:24 | Build | Farm |
| 13:27 | Build | Palisade Wall |
| 13:30 | Queue | Villager (Male) |
| 14:01 | Build | Watch Tower |
| 14:07 | Queue | Archer |
| 14:07 | Queue | Archer |
| 14:09 | Queue | Villager (Male) |
| 14:18 | Queue | Skirmisher |
| 14:18 | Queue | Skirmisher |
| 14:19 | Queue | Villager (Male) |
| 14:21 | Build | Palisade Wall |
| 14:23 | Build | Palisade Wall |
| 14:51 | Queue | Skirmisher |
| 14:54 | Queue | Villager (Male) |
| 15:07 | Research | Padded Archer Armor |
| 15:07 | Queue | Villager (Male) |
| 15:37 | Build | House |
| 15:38 | Build | House |
| 15:39 | Queue | Villager (Male) |
| 16:23 | Queue | Villager (Male) |
| 16:23 | Queue | Villager (Male) |
| 16:24 | Queue | Archer |
| 16:24 | Queue | Archer |
| 16:46 | Queue | Villager (Male) |
| 17:02 | Build | Farm |
| 17:04 | Build | Farm |
| 17:09 | Build | Market |
| 17:10 | Build | House |
| 17:34 | Queue | Villager (Male) |
| 17:40 | Build | Farm |
| 18:01 | Queue | Villager (Male) |
| 18:22 | Queue | Villager (Male) |
| 18:39 | Build | Farm |
| 18:41 | Build | Lumber Camp |
| 18:44 | Build | Palisade Wall |
| 18:50 | Build | Palisade Wall |
| 19:01 | Queue | Villager (Male) |
| 19:05 | Build | Palisade Gate |
| 19:06 | Build | Palisade Wall |
| 19:09 | Build | House |
| 19:11 | Build | Palisade Wall |
| 19:14 | Build | House |
| 19:16 | Queue | Villager (Male) |
| 19:22 | Build | Farm |
| 19:23 | Build | Farm |
| 20:07 | Research | Castle Age |
| 20:20 | Build | Archery Range |
| 20:30 | Queue | Archer |
| 20:50 | Queue | Archer |
| 20:57 | Build | House |
| 21:04 | Research | Double-Bit Axe |
| 21:04 | Research | Double-Bit Axe |
| 21:12 | Queue | Archer |
| 21:21 | Research | Horse Collar |
| 21:21 | Research | Horse Collar |
| 21:38 | Queue | Archer |
| 21:39 | Queue | Archer |
| 21:58 | Build | House |
| 22:02 | Queue | Archer |
| 22:14 | Queue | Archer |
| 22:14 | Queue | Archer |
| 22:33 | Queue | Archer |
| 22:34 | Queue | Archer |
| 22:47 | Age | Castle Age |
| 22:54 | Queue | Villager (Male) |
| 23:08 | Research | Crossbowman (upgrade) |
| 23:08 | Research | Crossbowman (upgrade) |
| 23:17 | Queue | Villager (Male) |
| 23:28 | Build | Town Center |
| 23:30 | Queue | Villager (Male) |
| 23:31 | Queue | Villager (Male) |
| 23:38 | Queue | Archer |
| 23:38 | Queue | Archer |
| 23:38 | Queue | Archer |
| 23:42 | Queue | Villager (Male) |
| 24:02 | Queue | Archer |
| 24:03 | Queue | Archer |
| 24:14 | Build | Farm |
| 24:25 | Queue | Villager (Male) |
| 24:25 | Queue | Villager (Male) |
| 24:27 | Queue | Villager (Male) |
| 24:33 | Queue | Archer |
| 24:33 | Queue | Archer |
| 24:33 | Queue | Archer |
| 24:40 | Build | Farm |
| 24:57 | Research | Bodkin Arrow |
| 24:58 | Research | Bodkin Arrow |
| 24:59 | Queue | Villager (Male) |
| 25:14 | Queue | Villager (Male) |
| 25:25 | Build | University |
Match timeline
| 4:44 | fray · first_building Barracks |
| 6:58 | fray · wall_segment Palisade Wall x7 |
| 8:09 | atom · first_building Barracks |
| 9:14 | fray · wall_segment Palisade Wall x19 |
| 9:16 | atom · age_up feudal |
| 9:31 | atom · first_building Archery Range |
| 10:13 | fray · wall_segment Palisade Wall x6 |
| 10:40 | fray · wall_segment Palisade Wall x7 |
| 10:41 | fray · wall_segment Palisade Wall x2 |
| 10:45 | fray · wall_segment Palisade Wall x3 |
| 11:05 | atom · wall_segment Palisade Wall x4 |
| 11:05 | atom · wall_segment Palisade Wall x3 |
| 12:04 | fray · age_up feudal |
| 12:06 | fray · first_building Archery Range |
| 13:27 | atom · wall_segment Palisade Wall x1 |
| 14:21 | atom · wall_segment Palisade Wall x7 |
| 14:23 | atom · wall_segment Palisade Wall x4 |
| 18:44 | atom · wall_segment Palisade Wall x5 |
| 18:50 | atom · wall_segment Palisade Wall x13 |
| 19:06 | atom · wall_segment Palisade Wall x3 |
| 19:11 | atom · wall_segment Palisade Wall x5 |
| 19:43 | atom · first_market_buy 100 food |
| 22:47 | atom · age_up castle |
| 23:15 | atom · first_market_sell 100 wood |
| 25:55 | fray · age_up castle |
| 26:40 | fray · first_market_buy 100 stone |
| 30:45 | fray · first_market_sell 100 wood |
| 33:02 | fray · first_building Siege Workshop |
| 33:06 | atom · first_building Stable |
| 33:28 | atom · wall_segment Palisade Wall x1 |
| 33:30 | atom · wall_segment Palisade Wall x3 |
| 38:53 | fray · resign |
[ AI ANALYSIS · 1 CREDIT ]
What really happened in this match?
Wolo.gg analyzes every decision: build order, eco, micro, common mistakes by bracket. Personalized analysis on WhatsApp or Discord in 30 seconds.
Civ guide
Tupi
Perfil
Jugador #1041998